 Dungeon Crawl Stone Soup version 0.21.0-25-ge575cb9ce8 (webtiles) character file.

64858 Andry07 the Warrior (level 15, -2/104 HPs)
             Began as a Gargoyle Fighter on Jan 26, 2018.
             Was a High Priest of Okawaru.
             Slain by Snorg (15 damage)
             ... on level 13 of the Dungeon.
             The game lasted 00:58:00 (25988 turns).

Andry07 the Warrior (Gargoyle Fighter)             Turns: 25988, Time: 00:58:01

Health: -2/104     AC: 35    Str: 25    XL:     15   Next: 14%
Magic:  18/23      EV:  6    Int: 10    God:    Okawaru [*****.]
Gold:   1090       SH: 15    Dex: 13    Spells: 5/14 levels left

rFire    + + .     SeeInvis .   a - +7 war axe of Disarray {chop, +Blink +Fly}
rCold    . . .     Gourm    .   c - +0 shield
rNeg     + . .     Faith    .   Z - +2 plate armour {rF+}
rPois    ∞         Spirit   .   h - +0 helmet
rElec    +         Reflect  +   l - scarf {cloud immunity}
rCorr    .         Harm     .   i - +2 pair of gloves
MR       +....                  n - +0 pair of boots
Stlth    ..........             o - +3 amulet of reflection
HPRegen  0.27/turn              R - ring of protection from fire
MPRegen  0.18/turn              W - +4 ring of dexterity

@: finesse, flying
A: big wings, negative energy resistance 1, electricity resistance, unbreathing,
petrification resistance, rot immunity, AC +11
a: Stop Flying, Heroism, Finesse, Renounce Religion, Evoke Blink


You were on level 13 of the Dungeon.
You worshipped Okawaru.
Okawaru was extremely pleased with you.
You were not hungry.

You visited 3 branches of the dungeon, and saw 20 of its levels.

You collected 1248 gold pieces.
You spent 158 gold pieces at shops.

Inventory:

Hand Weapons
 a - the +7 war axe of Disarray (weapon) {chop, +Blink +Fly}
   (You found it on level 3 of the Lair of Beasts)

   It inflicts extra damage upon your enemies.
   It lets you fly.
   It lets you blink.
 k - the +8 hand axe "Dragon's Tongue" {drain, rF- rN++ MR+ SInv}
   (Okawaru gifted it to you on level 6 of the Lair of Beasts)

   A truly terrible weapon, it drains the life of those it strikes.
   It makes you vulnerable to fire.
   It greatly protects you from negative energy.
   It affects your resistance to hostile enchantments.
   It lets you see invisible.
 H - a +2 antimagic flail
Missiles
 T - 5 javelins of returning (quivered)
Armour
 c - a +0 shield (worn)
 h - a +0 helmet (worn)
 i - a +2 pair of gloves (worn)
 l - a scarf of cloud immunity (worn)
 n - a +0 pair of boots (worn)
 O - the +0 plate armour of the First Snow {rPois rN+}
   (You found it on level 8 of the Dungeon)

   It protects you from poison.
   It protects you from negative energy.
 Z - a +2 plate armour of fire resistance (worn)
Jewellery
 o - a +3 amulet of reflection (around neck)
 K - an uncursed amulet of the gourmand
 R - a ring of protection from fire (left hand)
 W - a +4 ring of dexterity (right hand)
Wands
 p - a wand of acid (10)
 F - a wand of disintegration (13)
 N - a wand of digging (18)
 P - a wand of flame (53)
 U - a wand of polymorph (12)
Scrolls
 b - a scroll of vulnerability
 e - a scroll of summoning {unknown}
 g - a scroll of enchant weapon {unknown}
 j - 13 scrolls of remove curse
 m - 4 scrolls of enchant armour
 q - 5 scrolls of amnesia
 s - 3 scrolls of fog
 u - 2 scrolls of blinking
 x - 2 scrolls of fear
 A - a scroll of immolation
 I - 2 scrolls of silence
 S - 5 scrolls of teleportation
 X - 3 scrolls of magic mapping
Potions
 d - 4 potions of might
 r - 2 potions of mutation
 t - 5 potions of brilliance
 w - 3 potions of degeneration
 z - a potion of cancellation
 B - 8 potions of curing
 C - a potion of resistance
 D - a potion of agility
 E - 2 potions of lignification
 G - 4 potions of heal wounds
 L - 2 potions of berserk rage
 M - 3 potions of ambrosia
Books
 J - a book of Debilitation

   Spells                             Type                      Level
   a - Corona                         Hexes                        1
   b - Slow                           Hexes                        2
   c - Inner Flame                    Hexes/Fire                   3
   d - Portal Projectile              Hexes/Translocation          3
   e - Cause Fear                     Hexes                        4
   f - Leda's Liquefaction            Hexes/Earth                  4
 V - a book of Cantrips

   Spells                             Type                      Level
   a - Confusing Touch                Hexes                        1
   b - Animate Skeleton               Necromancy                   1
   c - Summon Small Mammal            Summoning                    1
   d - Apportation                    Translocation                1
 Y - a book of Battle

   Spells                             Type                      Level
   a - Infusion                       Charms                       1
   b - Shroud of Golubria             Charms/Translocation         2
   c - Song of Slaying                Charms                       2
   d - Spectral Weapon                Hexes/Charms                 3
   e - Regeneration                   Charms/Necromancy            3
Miscellaneous
 y - a phial of floods
Comestibles
 f - 27 rations
 v - 3 chunks of flesh


   Skills:
 + Level 16.1 Fighting
 - Level 13.0 Axes
 - Level 2.0(9.5) Maces & Flails
 - Level 12.1 Armour
 - Level 8.3 Shields
 - Level 11.0 Invocations


You had 5 spell levels left.
You knew the following spells:

 Your Spells              Type           Power        Failure   Level  Hunger
a - Apportation           Tloc           #.....       100%        1    ##.....
b - Summon Butterflies    Summ           #.......     100%        1    ##.....
c - Shroud of Golubria    Chrm/Tloc      #.........   100%        2    ###....
d - Song of Slaying       Chrm           #.......     100%        2    ###....
e - Regeneration          Chrm/Necr      #.........   100%        3    ####...


Dungeon Overview and Level Annotations

Branches:
Dungeon (13/15)            Temple (1/1) D:7            Lair (6/6) D:8
 Shoals (0/4) Lair:3       Spider (0/4) Lair:2        Slime (0/5) Lair:6
    Orc (0/2) D:12
 Vaults: D:13-14

Altars:
Ashenzari
Cheibriados
Dithmenos
Elyvilon
Fedhas
Gozag
Hepliaklqana
Kikubaaqudgha
Makhleb
Nemelex Xobeh
Okawaru
Qazlal
Ru
Sif Muna
Trog
Uskayaw
Vehumet
Wu Jian
Xom
Yredelemnul
Zin
The Shining One
Beogh
Jiyva

Shops:
D:11 %(*

Annotations:
D:10 Sonja
D:13 Snorg


Innate Abilities, Weirdness & Mutations

You are resistant to torment.
Your stone body is resilient. (AC +11)
You are immune to poison.
Your large and strong wings let you fly indefinitely.
You resist negative energy. (rN+)
You are resistant to electric shocks. (rElec)
You can survive without breathing.
You are immune to petrification.
You are immune to rotting.


Message History

You can now deal lightning-fast blows.
Snorg barely misses you. Snorg claws you but does no damage.
You block Snorg's attack.
The tengu warrior hits you but does no damage.
You block the tengu warrior's attack. The tengu warrior barely misses you.
You block the tengu warrior's attack.
The tengu warrior pecks you but does no damage.
The tengu warrior claws you but does no damage.
You block Snorg's attack. Snorg barely misses you. You block Snorg's attack. x2
Snorg barely misses you. Snorg claws you.
* * * LOW HITPOINT WARNING * * *
Found a ration.
Items here: ( )) † a club; a dagger of venom; 3 stones; a big kobold corpse You miss the tengu warrior.
The tengu warrior is moderately wounded.
You hit Snorg. Snorg bites you!
* * * LOW HITPOINT WARNING * * *
Snorg claws you!
You die...

....# %.... ...# .....
...# ##...#########+##.
..# ..................
..+ .%(..............#
#.# .................#
#.# .................#
#)# .....(.@T).......#
#.#
.....).Q.(.......#####.#
.......Q...............'
.......................#
.........%.............#
.....######......#######
..... #..#...#....##
..... #......#....## ..
#......#....##


You could see Snorg (berserk) and 2 tengu warriors.

Vanquished Creatures
  The ghost of Anaz the Warrior, an adept HuSk of Okawaru (D:11)
  A rakshasa (D:11)
  The ghost of Minato the Carver, a journeyman HuBe of Trog (D:11)
  4 hydras
  2 catoblepae
  10 death yaks
  5 two-headed ogres
  A queen ant (Lair:3)
  The ghost of Andry07 the Protected, a novice GrFi of Okawaru (D:8)
  An unseen horror (D:11)
  A wizard (D:11)
  2 orc sorcerers (D:11)
  An oklob plant (Lair:6)
  A deep elf mage (D:13)
  2 cyclopes (D:13)
  A manticore (D:12)
  3 centaur zombies
  Maurice (D:10)
  Joseph (D:8)
  6 black mambas
  5 elephants
  4 merfolk sirens (Lair:3)
  10 spiny frogs
  A kobold demonologist (D:12)
  3 rime drakes
  5 komodo dragons
  3 meliai (D:13)
  5 trolls
  6 polar bears
  3 hornets (Lair:6)
  8 hippogriffs
  2 dream sheep (Lair:6)
  2 redbacks (Lair:2)
  13 spriggans (Lair:6)
  2 wraiths
  4 wyverns
  A human (D:7)
  39 yaks
  A hungry ghost (D:10)
  Eustachio (D:4)
  A basilisk (Lair:4)
  3 hogs
  Menkaure (D:7)
  20 soldier ants (Lair:3)
  6 porcupines
  16 water moccasins
  8 orc warriors
  An ice beast (D:7)
  A sky beast (D:9)
  4 black bears
  2 phantoms
  3 necrophages
  10 ogres
  4 boggarts (Lair:6)
  2 centaurs
  27 wolves
  11 crocodiles
  4 big kobolds
  22 bullfrogs
  A gnoll sergeant (D:10)
  A wyvern skeleton (D:10)
  8 scorpions
  3 killer bees (D:13)
  7 wights
  4 electric eels (Lair:6)
  3 howler monkeys
  2 vampire bats (D:6)
  9 crimson imps
  2 bullfrog zombies
  7 hounds
  3 jellies
  3 bullfrog skeletons
  2 centaur skeletons
  7 orc priests
  8 orc wizards
  Jessica (D:3)
  8 iguanas
  28 worker ants
  2 worker ant zombies
  4 gnolls (D:10)
  A howler monkey skeleton (D:5)
  16 adders
  3 shadow imps
  An adder skeleton (D:9)
  2 worms
  4 dart slugs
  8 leopard geckos
  79 orcs
  2 ball pythons
  4 giant cockroaches
  9 goblins
  10 hobgoblins
  8 jackals
  24 kobolds
  3 quokkas
  10 bats
  6 frilled lizards
  2 jackal skeletons
  A quokka zombie (D:5)
  3 rats
  2 fungi
  3 plants (Lair:6)
624 creatures vanquished.

Vanquished Creatures (others)
  Nessos (Lair:6)
  A giant cockroach (D:3)
  A hobgoblin (D:3)
  A jackal (D:11)
  A quokka (D:8)
  2 kobolds
  2 bushes (Lair:6)
  7 fungi
  5 plants
21 creatures vanquished.

Grand Total: 645 creatures vanquished

Notes
Turn   | Place    | Note
-------+----------+-------------------------------------------
     0 | D:1      | Andry07 the Gargoyle Fighter began the quest for the Orb.
     0 | D:1      | Reached XP level 1. HP: 14/14 MP: 1/1
   110 | D:1      | Reached skill level 4 in Fighting
   110 | D:1      | Reached XP level 2. HP: 20/20 MP: 2/2
   133 | D:1      | Found a shattered altar of Ashenzari.
   271 | D:1      | Reached XP level 3. HP: 23/24 MP: 3/3
   837 | D:2      | Reached skill level 5 in Fighting
  1067 | D:2      | Reached XP level 4. HP: 31/31 MP: 4/4
  1455 | D:2      | Reached skill level 6 in Fighting
  1530 | D:2      | Reached XP level 5. HP: 36/36 MP: 5/5
  1538 | D:2      | Found a blossoming altar of Fedhas.
  1654 | D:3      | Noticed a hungry ghost
  1917 | D:2      | Paralysed by fainting for 10 turns
  2395 | D:3      | Reached skill level 7 in Fighting
  2540 | D:3      | Noticed Jessica
  2542 | D:3      | Killed Jessica
  2542 | D:3      | Reached XP level 6. HP: 44/44 MP: 6/6
  2647 | D:3      | Found a radiant altar of Vehumet.
  3029 | D:4      | Reached skill level 8 in Fighting
  3187 | D:4      | Reached XP level 7. HP: 45/50 MP: 7/7
  3387 | D:4      | Noticed Eustachio
  3455 | D:4      | Killed Eustachio
  3455 | D:4      | Reached skill level 9 in Fighting
  3905 | D:5      | Entered Level 5 of the Dungeon
  3928 | D:5      | Reached skill level 10 in Fighting
  3967 | D:5      | Reached XP level 8. HP: 44/57 MP: 8/8
  4370 | D:5      | Reached skill level 11 in Fighting
  5068 | D:6      | Found a burning altar of Makhleb.
  5068 | D:6      | Noticed a cacodemon
  5071 | D:6      | Noticed an orange demon
  6019 | D:3      | Reached skill level 5 in Armour
  6101 | D:6      | Found a hazy altar of Hepliaklqana.
  6192 | D:5      | Reached XP level 9. HP: 29/64 MP: 9/9
  6853 | D:6      | Found a shimmering altar of Xom.
  7218 | D:7      | Noticed Menkaure
  8162 | D:7      | Noticed a two-headed ogre
  8528 | D:7      | Found an ancient bone altar of Kikubaaqudgha.
  8775 | D:7      | Found a staircase to the Ecumenical Temple.
  8880 | D:7      | Reached skill level 10 in Armour
  9127 | D:7      | Reached XP level 10. HP: 21/70 MP: 3/10
  9506 | Temple   | Entered the Ecumenical Temple
  9630 | Temple   | Became a worshipper of Warmaster Okawaru
  9779 | D:8      | Found a staircase to the Lair.
  9870 | D:8      | Noticed Andry07's ghost (novice GrFi)
 10457 | D:8      | Killed Andry07's ghost
 10727 | D:8      | Reached * piety under Okawaru
 10854 | D:8      | Got a tiger eye-encrusted plate armour
 10865 | D:8      | Identified the cursed +0 plate armour of the First Snow {rPois rN+} (You found it on level 8 of the Dungeon)
 11012 | D:8      | Found a white marble altar of Elyvilon.
 11153 | D:8      | Noticed Joseph
 11165 | D:8      | Killed Joseph
 11573 | D:9      | Found a deep blue altar of Sif Muna.
 11729 | D:9      | Noticed a two-headed ogre
 11751 | D:9      | Killed a two-headed ogre
 12076 | D:9      | Reached ** piety under Okawaru
 12282 | D:9      | Reached XP level 11. HP: 74/74 MP: 4/14
 12440 | D:10     | Entered Level 10 of the Dungeon
 12479 | D:10     | Reached skill level 5 in Invocations
 12633 | D:10     | Noticed a two-headed ogre
 12936 | D:8      | Killed a two-headed ogre
 13065 | D:10     | Noticed Sonja
 13115 | D:10     | Found Lemido's Jewellery Boutique.
 13587 | D:10     | Reached *** piety under Okawaru
 13763 | D:11     | Noticed a rakshasa
 13763 | D:11     | Noticed Anaz's ghost (adept HuSk)
 13881 | D:11     | Noticed Minato's ghost (journeyman HuBe)
 13935 | D:11     | Noticed a two-headed ogre
 13939 | D:11     | Noticed an orc sorcerer
 13952 | D:11     | Noticed an orc sorcerer
 13959 | D:11     | Noticed a wizard
 13976 | D:11     | Killed a wizard
 14027 | D:11     | Found Leckot's Food Shoppe.
 14030 | D:11     | Bought a ration for 55 gold pieces
 14030 | D:11     | Bought a ration for 55 gold pieces
 14122 | D:11     | Killed an unseen horror
 14204 | D:11     | Killed a rakshasa
 14213 | D:11     | Reached **** piety under Okawaru
 14323 | D:11     | Noticed a sixfirhy
 14325 | D:11     | Noticed a sixfirhy
 14327 | D:11     | Found Iroixuf's Assorted Antiques.
 14459 | D:10     | Noticed Maurice
 14494 | D:10     | Killed Maurice
 14494 | D:10     | Reached skill level 10 in Invocations
 14909 | D:10     | HP: 1/74 [Sonja/uncursed dagger of distortion (21)]
 15360 | Lair:1   | Entered Level 1 of the Lair of Beasts
 15611 | Lair:1   | Noticed an eight-headed hydra
 15622 | Lair:1   | Killed an eight-headed hydra
 15622 | Lair:1   | Reached XP level 12. HP: 38/80 MP: 4/20
 15644 | Lair:1   | Received a gift from Okawaru
 15669 | Lair:1   | Reached skill level 12 in Fighting
 16427 | D:7      | Killed a two-headed ogre
 16427 | D:7      | Reached ***** piety under Okawaru
 16439 | D:7      | Killed Menkaure
 16780 | Lair:2   | Noticed a catoblepas
 16809 | Lair:2   | Killed a catoblepas
 16969 | Lair:2   | Found a hole to the Spider Nest.
 17000 | Lair:2   | Reached skill level 13 in Fighting
 17811 | Lair:2   | Reached skill level 14 in Fighting
 18085 | Lair:3   | Received a gift from Okawaru
 18451 | Lair:3   | Got a steaming war axe
 18452 | Lair:3   | Identified the +7 war axe of Disarray {chop, +Blink +Fly} (You found it on level 3 of the Lair of Beasts)
 18508 | Lair:3   | Reached skill level 1 in Axes
 18576 | Lair:3   | Found a staircase to the Shoals.
 18673 | Lair:3   | Noticed a queen ant
 18695 | Lair:3   | Killed a queen ant
 18695 | Lair:3   | Reached XP level 13. HP: 74/90 MP: 21/21
 18708 | Lair:3   | Reached skill level 5 in Axes
 18915 | Lair:3   | Received a gift from Okawaru
 18918 | Lair:3   | Got a transparent ring mail {god gift}
 18929 | Lair:3   | Identified the +3 ring mail "Fush" {+Blink +Inv rF+ Dex+3} (Okawaru gifted it to you on level 3 of the Lair of Beasts)
 19515 | Lair:4   | Reached ****** piety under Okawaru
 20982 | Lair:5   | Reached skill level 10 in Axes
 21001 | Lair:5   | Received a gift from Okawaru
 21021 | Lair:5   | Received a gift from Okawaru
 21458 | Lair:6   | Entered Level 6 of the Lair of Beasts
 21458 | Lair:6   | Noticed Nessos
 21476 | Lair:5   | Gained mutation: Your large and strong wings let you fly indefinitely. [Gargoyle growth]
 21476 | Lair:5   | Reached XP level 14. HP: 9/96 MP: 22/22
 21806 | Lair:6   | Killed Nessos
 23539 | Lair:6   | Learned a level 1 spell: Apportation
 23541 | Lair:6   | Learned a level 1 spell: Summon Butterflies
 23545 | Lair:6   | Learned a level 2 spell: Shroud of Golubria
 23548 | Lair:6   | Learned a level 2 spell: Song of Slaying
 23552 | Lair:6   | Learned a level 3 spell: Regeneration
 23621 | Lair:6   | Received a gift from Okawaru
 23626 | Lair:6   | Got a crude hand axe {god gift}
 23627 | Lair:6   | Identified the +8 hand axe "Dragon's Tongue" {drain, rF- rN++ MR+ SInv} (Okawaru gifted it to you on level 6 of the Lair of Beasts)
 23640 | Lair:6   | Found a viscous altar of Jiyva.
 23640 | Lair:6   | Found a staircase to the Slime Pits.
 24246 | D:11     | Killed Anaz's ghost
 24284 | D:11     | Killed Minato's ghost
 24488 | D:11     | Reached skill level 15 in Fighting
 24542 | D:11     | Found Waxyeb's Antique Weapon Shop.
 24554 | D:11     | Bought a scroll of identify for 48 gold pieces
 24867 | D:12     | Found a roughly hewn altar of Beogh.
 24867 | D:12     | Found a staircase to the Orcish Mines.
 24979 | D:12     | Received a gift from Okawaru
 25031 | D:12     | Reached XP level 15. HP: 73/103 MP: 23/23
 25829 | D:13     | Reached skill level 16 in Fighting
 25970 | D:13     | Noticed Snorg
 25988 | D:13     | Slain by Snorg

Skill      XL: |  1  2  3  4  5  6  7  8  9 10 11 12 13 14 15 |
---------------+----------------------------------------------+-----
Fighting       | 4 5 6 7 8 10 11 14 15 16 | 16.1
Armour         | 6 10 11 12 | 12.1
Shields        | 8 |  8.3
Invocations    | 4 11 | 11.0
Axes           | 4 10 13 | 13.0
Maces & Flails | |  2.0

Action                   |  1- 3 |  4- 6 |  7- 9 | 10-12 | 13-15 || total
-------------------------+-------+-------+-------+-------+-------++-------
Melee: Flail             |   120 |   171 |   147 |  1293 |    46 ||  1777
       Morningstar       |       |    51 |   495 |       |       ||   546
       War axe           |       |       |       |    97 |   948 ||  1045
Invok: Heroism           |       |       |       |    10 |     2 ||    12
       Finesse           |       |       |       |       |     3 ||     3
 Abil: Fly               |       |       |       |       |     1 ||     1
Evoke: Wand              |       |       |       |       |     3 ||     3
  Use: Scroll            |       |       |    14 |    11 |     8 ||    33
       Potion            |       |       |     1 |     6 |       ||     7
  Eat: Chunk             |     1 |     8 |    20 |    34 |    19 ||    82
       Ration            |       |     3 |       |     3 |     2 ||     8
Armor: Scale mail        |    71 |   149 |   588 |   181 |       ||   989
       Plate armour      |       |       |       |  1001 |   725 ||  1726
Dodge: Dodged            |    47 |    88 |   294 |   445 |   221 ||  1095
Block: Shield            |    75 |   158 |   459 |  1319 |   783 ||  2794
       Reflection        |       |       |     2 |    12 |    14 ||    28
